AoeStats
← goree.jacob

Arena

510467306Analyzed
3v3 RM · 1d ago on Oct 1, 2026· 24m 7s· 6 players
Game mode
Random Map
Map size
Normal (6 player)
Population
200
Speed
Normal
Resources
Standard
Victory
Conquest
Starting age
Dark Age
Ending age
Imperial Age
RankedLock teamsTeams togetherTeam positionsShared explorationLock speedFull tech treeHidden civsTurbo modeCheats
Victory
Defeat
1199
+13
1189
+13
🇲🇽 Vikings · Mexico
1099
+17
🇲🇽 Danes · Mexico
1134
-15
🇺🇸 Varangians · United States
1129
-14
🇺🇸 Burgundians · United States
1125
-14
goree.jacob
11:19 Feudal Age
10:09 Loom
16:38 Castle Age
15:42 Stone Mining
17:41 Gold Mining
23:08 Forging
22:59 Scale Mail Armor
dantealhz
0:37 Loom
11:55 Feudal Age
12:48 Town Watch
15:16 Forging
15:06 Scale Mail Armor
18:58 Castle Age
DID JAMB
6:41 Double-Bit Axe
11:34 Feudal Age
El Hijo de Zalvakky Jr. Dark
9:47 Feudal Age
10:19 Double-Bit Axe
10:18 Horse Collar
16:50 Wheelbarrow
19:19 Castle Age
17:56 Scale Barding Armor
18:01 Forging
19:01 Bloodlines
20:39 Husbandry
21:02 Heavy Plow
21:13 Bow Saw
22:05 Gold Mining
Miztliel
10:08 Feudal Age
11:40 Horse Collar
11:50 Double-Bit Axe
16:27 Castle Age
15:05 Scale Mail Armor
14:58 Gold Mining
15:14 Man-at-Arms
16:31 Long Swordsman
20:11 Heavy Plow
20:34 Loom
El hijo de Airbreaker Jr. Jr.
6:31 Loom
9:48 Feudal Age
10:25 Double-Bit Axe
15:53 Fletching
Connection lost

Rejoining the realm…

Still unreachable

The connection could not be restored.

Session expired

The server has moved on; the page needs a fresh start.